 Dungeon Crawl Stone Soup version 0.22-a0-866-geee50340df (webtiles) character file.

1437 MirrMurr the Poker (level 8, 0/82 HPs)
             Began as an Octopode Berserker on July 28, 2018.
             Was a Priest of Trog.
             Slain by a hippogriff (5 damage)
             ... on level 7 of the Dungeon.
             The game lasted 00:10:39 (5541 turns).

MirrMurr the Poker (Octopode Berserker)             Turns: 5541, Time: 00:10:40

Health: 0/82       AC:  1    Str: 21    XL:     8   Next: 74%
Magic:  8/8        EV: 15    Int: 10    God:    Trog [***...]
Gold:   431        SH:  4    Dex: 13    Spells: 7/7 levels left

rFire    . . .     SeeInvis .   a - +0 trident
rCold    . . .     Gourm    .   z - +0 buckler
rNeg     . . .     Faith    .   (helmet restricted)
rPois    .         Spirit   .   (no amulet)
rElec    .         Reflect  .   y - ring of resist corrosion
rCorr    +         Harm     .   (no ring)
MR       .....                  (no ring)
Stlth    ..........             (no ring)
HPRegen  0.23/turn              (no ring)
MPRegen  0.11/turn              (no ring)
                                (no ring)
                                (no ring)

@: berserking, very quick
A: almost no armour, stealthy swim, amphibious, 8 rings, constrict 8, camouflage
1, gelatinous body 1
a: Berserk, Trog's Hand, Renounce Religion


You were on level 7 of the Dungeon.
You worshipped Trog.
Trog was most pleased with you.
You were hungry.

You visited 2 branches of the dungeon, and saw 8 of its levels.

You collected 431 gold pieces.

Inventory:

Hand Weapons
 a - a +0 trident (weapon)
 b - a +3 hunting sling of flaming
 q - a +0 blowgun
 v - a cursed +0 dagger
 w - a +1 dagger of holy wrath
Missiles
 c - 43 bolts
 d - 223 stones (quivered)
 e - 37 poisoned needles
Armour
 z - a +0 buckler (worn)
Jewellery
 y - a ring of resist corrosion (left tentacle)
Wands
 u - a wand of random effects (35)
Scrolls
 j - a scroll of fear
 r - 3 scrolls of remove curse
 x - a scroll of enchant armour
 A - 3 scrolls of teleportation
Potions
 g - a potion of berserk rage {unknown}
 h - a potion of magic {unknown}
 i - 3 potions of agility {unknown}
 k - 2 potions of ambrosia {unknown}
 m - a potion of flight {unknown}
 n - a potion of haste {unknown}
 p - 3 potions of mutation
 s - a potion of curing {eustachio, unknown}
 t - a potion of lignification {unknown}
Comestibles
 f - 13 rations


   Skills:
 + Level 5.2 Fighting
 * Level 6.8 Polearms
 + Level 3.2 Slings
 + Level 5.2 Dodging
 + Level 5.7 Stealth
 + Level 1.6 Shields


You had 7 spell levels left.
You didn't know any spells.
Your spell library was empty.

Dungeon Overview and Level Annotations

Branches:
Dungeon (7/15)             Temple (1/1) D:4

Altars:
Fedhas
Makhleb
Nemelex Xobeh
Qazlal
Vehumet
The Shining One

Shops:
D:6 *


Innate Abilities, Weirdness & Mutations

You cannot wear most types of armour.
You are very stealthy in the water. (Stealth+)
You are amphibious.
You can wear up to eight rings at the same time.
You can use your tentacles to constrict eight enemies at once.
Your skin changes colour to match your surroundings (Stealth+).
Your rubbery body absorbs attacks. (AC +1, EV +1)


Message History

You feel yourself moving faster!
You feel mighty!
You are feeling hungry.
The hippogriff bites you! The hippogriff pecks you!
* * * LOW HITPOINT WARNING * * *
The hippogriff claws you.
* * * LOW HITPOINT WARNING * * *
The phantom barely misses you.
You impale the hippogriff!! You squeeze the hippogriff.
The hippogriff is heavily wounded.
The hippogriff bites you.
* * * LOW HITPOINT WARNING * * *
The hippogriff pecks you!
* * * LOW HITPOINT WARNING * * *
The hippogriff barely misses you.
You barely miss the hippogriff.
The hippogriff is heavily wounded.
The phantom hits you.
* * * LOW HITPOINT WARNING * * *
The hippogriff bites you.
You die...

#....#.#..###
#.#.....#....
#......#..##.
..#.....#####
#......#..##.
#.#.....'..#
......##.##.#.....##.##
####.###....#.....##...
##...#......######.##
........##### #.#
####.#######....# ###
.......W@H......#
####.#######.#..#
#.###.....#..#
#......ยง### .#
#####$#........ #
#H......# .......##
###H#### .#


You could see a hippogriff and a phantom.

Vanquished Creatures
  A hippogriff (D:7)
  Eustachio (D:5)
  Menkaure (D:6)
  An orc warrior (D:6)
  An ice beast (D:7)
  An ogre (D:5)
  A bullfrog (D:6)
  A water moccasin skeleton (D:4)
  A howler monkey (D:5)
  A bullfrog zombie (D:6)
  2 crimson imps (D:5)
  2 orc wizards
  Crazy Yiuf (D:6)
  Natasha (twice) (D:2)
  An iguana (D:2)
  4 worker ants
  A killer bee zombie (D:6)
  A hound skeleton (D:4)
  4 adders
  A howler monkey skeleton (D:5)
  A shadow imp (D:6)
  4 oozes
  An adder zombie (D:6)
  An adder skeleton (D:4)
  A worm (D:3)
  A dart slug (D:3)
  3 leopard geckos
  10 orcs
  3 ball pythons
  5 bats
  6 giant cockroaches
  12 goblins
  11 hobgoblins
  5 jackals
  2 quokkas (D:5)
  3 frilled lizards (D:1)
  6 kobolds
  8 rats
112 creatures vanquished.

Notes
Turn   | Place    | Note
-------+----------+-------------------------------------------
     0 | D:1      | MirrMurr the Octopode Berserker began the quest for the Orb.
     0 | D:1      | Reached XP level 1. HP: 16/16 MP: 1/1
    92 | D:1      | Reached XP level 2. HP: 19/21 MP: 2/2
   116 | D:1      | Reached skill level 1 in Stealth
   377 | D:1      | Reached XP level 3. HP: 26/26 MP: 3/3
   436 | D:1      | Reached ** piety under Trog
  1040 | D:2      | Found a blossoming altar of Fedhas.
  1134 | D:2      | Reached XP level 4. HP: 22/31 MP: 4/4
  1234 | D:2      | Noticed Natasha
  1244 | D:2      | Killed Natasha
  1244 | D:2      | Reached skill level 4 in Polearms
  1345 | D:2      | Noticed Natasha
  1354 | D:2      | Killed Natasha
  1354 | D:2      | Reached XP level 5. HP: 13/36 MP: 5/5
  1798 | D:2      | Found a radiant altar of Vehumet.
  3158 | D:4      | Reached XP level 6. HP: 43/43 MP: 6/6
  3178 | D:4      | Found a glowing golden altar of the Shining One.
  3223 | D:4      | Reached *** piety under Trog
  3309 | D:4      | Found a staircase to the Ecumenical Temple.
  3315 | Temple   | Entered the Ecumenical Temple
  3624 | D:5      | Entered Level 5 of the Dungeon
  3624 | D:5      | Noticed Eustachio
  3880 | D:5      | Killed Eustachio
  3880 | D:5      | Reached skill level 5 in Polearms
  3880 | D:5      | Reached skill level 1 in Slings
  3880 | D:5      | Reached XP level 7. HP: 41/48 MP: 7/7
  4460 | D:5      | Found a sparkling altar of Nemelex Xobeh.
  4711 | D:6      | Noticed Menkaure
  4722 | D:6      | Killed Menkaure
  4722 | D:6      | Reached skill level 6 in Polearms
  4722 | D:6      | Reached skill level 5 in Stealth
  4722 | D:6      | Reached XP level 8. HP: 49/54 MP: 8/8
  4754 | D:6      | Found a stormy altar of Qazlal.
  4949 | D:6      | Found Fusoimez's General Store.
  5046 | D:6      | Reached skill level 5 in Dodging
  5059 | D:6      | Found a burning altar of Makhleb.
  5212 | D:6      | Found a runed door.
  5329 | D:6      | Noticed Crazy Yiuf
  5333 | D:6      | Killed Crazy Yiuf
  5333 | D:6      | Reached skill level 1 in Shields
  5374 | D:7      | Noticed a hippogriff
  5381 | D:7      | Killed a hippogriff
  5381 | D:7      | Reached skill level 5 in Fighting
  5523 | D:7      | Noticed a hippogriff
  5541 | D:7      | Slain by a hippogriff

Vault maps used:
D:1:      onia_arrival_handbag
D:2:      marbit_many_paths, fedhas_altar_2, uniq_natasha
D:3:      first_ration
D:4:      overflow_temple_1_default, minmay_temple_entry_metal_lava
D:5:      nemelex_dance_club_becter, uniq_eustachio
D:6:      nicolae_overflow_crystal_walls, basic_altar, serial_shops, shop,
          uniq_crazy_yiuf_cottage, uniq_menkaure
D:7:      hangedman_decor_opposing, uniq_harold
Temple:   dpeg_five_rooms_temple

Skill      XL: |  1  2  3  4  5  6  7  8 |
---------------+-------------------------+-----
Stealth        | 1 2 3 4 5 |  5.7
Polearms       | 4 5 6 |  6.8
Dodging        | 4 5 |  5.2
Fighting       | 4 5 |  5.2
Slings         | 1 2 3 |  3.2
Shields        | 1 |  1.6

Action                   |  1- 3 |  4- 6 |  7- 9 || total
-------------------------+-------+-------+-------++-------
Melee: Spear             |    93 |    54 |       ||   147
       Tentacles         |    14 |    11 |    25 ||    50
       Constrict         |    17 |    16 |    18 ||    51
       Trident           |       |    17 |    80 ||    97
 Fire: Hunting sling     |       |    60 |    60 ||   120
Throw: Stone             |     5 |     2 |       ||     7
Invok: Berserk           |       |     1 |     1 ||     2
       Trog's Hand       |       |     1 |     2 ||     3
  Use: Scroll            |     3 |     4 |     7 ||    14
 Stab: Sleeping          |    12 |     2 |       ||    14
       Distracted        |       |       |     1 ||     1
  Eat: Chunk             |     1 |     8 |     1 ||    10
       Ration            |       |     1 |     1 ||     2
Armor: Skin              |     9 |     3 |     3 ||    15
Dodge: Dodged            |    37 |    44 |    34 ||   115
Block: Buckler           |       |       |     6 ||     6

Table legend:
 A = Spawn XP
 B = Non-spawn XP
 C = Spawn XP percentage of total XP
 D = Spawn monster count
 E = Non-spawn monster count
 F = Spawn count percentage of total count
 G = Total turns spent on level
                    A         B        C        D         E        F      G
               +---------+---------+-------+---------+---------+-------+---------
         Total |       0 |    2053 |   0.0 |       0 |     112 |   0.0 |  5541
               +---------+---------+-------+---------+---------+-------+---------
           D:1 |       0 |      57 |   0.0 |       0 |      30 |   0.0 |  1127
           D:2 |       0 |     173 |   0.0 |       0 |      20 |   0.0 |   863
           D:3 |       0 |      84 |   0.0 |       0 |      19 |   0.0 |  1169
           D:4 |       0 |     139 |   0.0 |       0 |       9 |   0.0 |   702
           D:5 |       0 |     545 |   0.0 |       0 |      15 |   0.0 |   809
           D:6 |       0 |     640 |   0.0 |       0 |      16 |   0.0 |   693
           D:7 |       0 |     415 |   0.0 |       0 |       3 |   0.0 |   176
               +---------+---------+-------+---------+---------+-------+---------
